 Dungeon Crawl Stone Soup version 0.22.1-2-g9c5b331 (webtiles) character file.

8017 Malhgor the Fighter (level 11, 0/189 HPs)
             Began as a Troll Berserker on Jan 1, 2019.
             Was an Elder of Trog.
             Slain by a ten-headed hydra (2 damage)
             ... on level 8 of the Dungeon.
             The game lasted 00:29:35 (7311 turns).

Malhgor the Fighter (Troll Berserker)               Turns: 7311, Time: 00:29:35

Health: 0/189      AC:  9    Str: 32    XL:     11   Next: 4%
Magic:  12/12      EV: 11    Int:  6    God:    Trog [****..]
Gold:   374        SH:  0    Dex:  9    Spells: 10/10 levels left

rFire    . . .     SeeInvis .   t - +1 whip (flame)
rCold    + . .     Gourm    +   (no shield)
rNeg     . . .     Faith    .   z - +2 robe {MR+}
rPois    .         Spirit   .   (helmet restricted)
rElec    .         Reflect  .   (no cloak)
rCorr    .         Harm     .   (gloves unavailable)
MR       ++...                  (boots unavailable)
Stlth    ..........             (no amulet)
HPRegen  0.81/turn              s - ring of protection from magic
MPRegen  0.13/turn              y - ring of stealth

@: berserking, very quick
A: large, unfitting armour, claws 3, horns 1, molten scales 1, cold resistance
1, fast metabolism 3, gourmand, regeneration 1, robust 1, shaggy fur 1, tough
skin 2
a: Berserk, Trog's Hand, Brothers in Arms, Renounce Religion


You were on level 8 of the Dungeon.
You worshipped Trog.
Trog was greatly pleased with you.
You were very full.

You visited 2 branches of the dungeon, and saw 10 of its levels.

You collected 374 gold pieces.

Inventory:

Hand Weapons
 d - a +1 whip
 q - a +0 mace
 t - a +1 whip of flaming (weapon)
Missiles
 f - 264 stones
 o - 8 tomahawks (quivered)
 r - a throwing net
 B - 4 exploding tomahawks
Armour
 z - a +2 robe of magic resistance (worn)
Jewellery
 s - a ring of protection from magic (left claw)
 w - an uncursed ring of fire
 y - a ring of stealth (right claw)
Wands
 a - a wand of disintegration (12)
 l - a wand of clouds (4)
 A - a wand of flame (32)
Scrolls
 e - 7 scrolls of identify
 g - 5 scrolls of enchant weapon
 h - 9 scrolls of remove curse
 i - 7 scrolls of teleportation
 p - 5 scrolls of enchant armour
Potions
 c - 2 potions of cancellation
 j - 4 potions of ambrosia
 m - 2 potions of curing
 n - 3 potions of brilliance
 x - a potion of berserk rage
Comestibles
 b - 20 rations


   Skills:
 + Level 9.0 Fighting
 - Level 5.7 Maces & Flails
 + Level 5.4 Throwing
 + Level 5.1 Dodging
 + Level 8.3 Unarmed Combat
 + Level 3.3 Evocations


You had 10 spell levels left.
You didn't know any spells.
Your spell library was empty.

Dungeon Overview and Level Annotations

Branches:
Dungeon (9/15)             Temple (1/1) D:6            Lair (0/6) D:8
    Orc: D:9-12

Altars:
Ashenzari
Cheibriados
Dithmenos
Elyvilon
Fedhas
Gozag
Hepliaklqana
Kikubaaqudgha
Makhleb
Nemelex Xobeh
Okawaru
Qazlal
Ru
Sif Muna
Trog
Uskayaw
Vehumet
Wu Jian
Xom
Yredelemnul
Zin
The Shining One

Annotations:
D:1 Done
D:2 Done
D:3 Done
D:4 Done
D:5 Done
D:6 Done
D:7 2 transporters, Tiagovsky's ghost, novice HOFi
D:8 GoLoT's ghost, novice MiMo


Innate Abilities, Weirdness & Mutations

You are too large for most types of armour.
You have claws for hands.
Your metabolism is lightning-fast.
You like to eat raw meat.
Your natural rate of healing is unusually fast.
You are covered in fur. (AC +1)
You have very tough skin. (AC +2)
You have a pair of small horns on your head.
You are partially covered in molten scales. (AC +2)
Your flesh is cold resistant. (rC+)
You are robust. (+10% HP)


Message History

The ten-headed hydra bites you.
* * * LOW HITPOINT WARNING * * *
The ten-headed hydra bites you.
* * * LOW HITPOINT WARNING * * *
The ten-headed hydra bites you.
* * * LOW HITPOINT WARNING * * *
The ten-headed hydra barely misses you. x2; The ten-headed hydra bites you.
* * * LOW HITPOINT WARNING * * *
The ten-headed hydra bites you.
* * * LOW HITPOINT WARNING * * *
The ten-headed hydra barely misses you.
The ten-headed hydra completely misses you.
The ten-headed hydra barely misses you.
You are too berserk!
You barely miss GoLoT's ghost. GoLoT's ghost closely misses you.
The ten-headed hydra bites you!
* * * LOW HITPOINT WARNING * * *
The ten-headed hydra bites you but does no damage. x3
The ten-headed hydra bites you.
You die...

>....
#....##########
..#.
#..............
.#..
#..............
...
#..............
....
######.........
....
#♣..##........
#..#
#♣?...#....####
..##
......D....[...
.
≈..)..W@.......
.
≈.....'........
#♣..=.#........
#♣♣≈##..#+####
###.#.# ... .#
....# ## .
...... . ....##


You could see a ten-headed hydra and GoLoT's ghost.

Vanquished Creatures
  Erica (D:8)
  3 death yaks
  Pikel (D:8)
  A queen bee (D:8)
  Prince Ribbit (D:8)
  A hippogriff (D:8)
  Sigmund (D:5)
  4 yaks (D:7)
  Eustachio (D:5)
  4 porcupines
  An ice beast (D:8)
  2 orc warriors
  2 slaves (D:8)
  3 phantoms
  A black bear (D:6)
  A necrophage (D:8)
  6 ogres
  3 bullfrogs
  A scorpion (D:8)
  14 killer bees (D:8)
  2 howler monkeys (D:8)
  7 wights
  2 crimson imps
  3 orc priests
  2 bullfrog skeletons
  4 hounds
  7 orc wizards
  3 iguanas
  2 worker ants
  A mummy (D:8)
  5 adders
  2 river rats (D:8)
  A shadow imp (D:6)
  An ooze (D:4)
  An adder zombie (D:5)
  2 worms
  2 dart slugs
  A leopard gecko (D:2)
  23 orcs
  2 ball pythons (D:3)
  3 bats
  4 giant cockroaches
  3 goblins
  9 hobgoblins
  8 jackals
  2 quokkas
  5 frilled lizards
  A jackal skeleton (D:7)
  4 kobolds
  A kobold zombie (D:8)
  An orc zombie (D:8)
  9 rats
175 creatures vanquished.

Vanquished Creatures (others)
  6 plants (D:8)
6 creatures vanquished.

Grand Total: 181 creatures vanquished

Notes
Turn   | Place    | Note
-------+----------+-------------------------------------------
     0 | D:1      | Malhgor the Troll Berserker began the quest for the Orb.
     0 | D:1      | Reached XP level 1. HP: 22/22 MP: 0/0
   180 | D:1      | Reached XP level 2. HP: 25/29 MP: 1/1
   495 | D:1      | You fall through a shaft!
   710 | D:3      | Reached XP level 3. HP: 31/36 MP: 2/2
   754 | D:2      | Found a basalt altar of Yredelemnul.
  1156 | D:2      | Reached ** piety under Trog
  1702 | D:3      | Reached XP level 4. HP: 44/44 MP: 3/3
  1965 | D:4      | Noticed an ogre
  1973 | D:4      | Killed an ogre
  1973 | D:4      | Reached skill level 3 in Fighting
  1973 | D:4      | Reached XP level 5. HP: 53/53 MP: 4/4
  2173 | D:4      | Reached skill level 5 in Unarmed Combat
  2181 | D:5      | Entered Level 5 of the Dungeon
  2224 | D:4      | Reached skill level 1 in Throwing
  2315 | D:4      | Reached XP level 6. HP: 54/61 MP: 5/5
  3076 | D:5      | Noticed Eustachio
  3097 | D:5      | Killed Eustachio
  3097 | D:5      | Reached skill level 4 in Fighting
  3097 | D:5      | Reached XP level 7. HP: 70/70 MP: 6/6
  3161 | D:5      | Noticed Sigmund
  3170 | D:5      | Killed Sigmund
  3246 | D:6      | Found an opulent altar of Gozag.
  3403 | D:5      | Found a deep blue altar of Sif Muna.
  3559 | D:5      | Found a shimmering altar of Xom.
  3709 | D:5      | Found a snail-covered altar of Cheibriados.
  3823 | D:7      | Reached skill level 5 in Throwing
  3839 | D:7      | Reached XP level 8. HP: 46/79 MP: 7/7
  3956 | D:6      | Reached skill level 5 in Fighting
  4068 | D:6      | Reached *** piety under Trog
  4468 | D:6      | Found a staircase to the Ecumenical Temple.
  4487 | Temple   | Entered the Ecumenical Temple
  5162 | D:6      | Gained mutation: You have a pair of small horns on your
                  | head. [potion of mutation]
  5162 | D:6      | Gained mutation: You are partially covered in molten
                  | scales. (AC +2) [potion of mutation]
  5162 | D:6      | Gained mutation: You are robust. (+10% HP) [potion of
                  | mutation]
  5162 | D:6      | Gained mutation: Your flesh is cold resistant. (rC+)
                  | [potion of mutation]
  5400 | D:7      | Reached skill level 6 in Fighting
  5402 | D:7      | Reached XP level 9. HP: 76/97 MP: 8/8
  5544 | D:7      | Found a transporter.
  5545 | D:7      | Found a transporter.
  5545 | D:7      | Noticed Tiagovsky's ghost (novice HOFi)
  5566 | D:8      | Noticed Erica
  5576 | D:8      | Killed Erica
  5576 | D:8      | Reached skill level 7 in Fighting
  5578 | D:8      | Reached skill level 8 in Fighting
  5647 | D:7      | Received a gift from Trog
  5711 | D:8      | Noticed a death yak
  5711 | D:8      | Noticed a death yak
  5714 | D:8      | Reached skill level 1 in Evocations
  5719 | D:8      | Noticed a death yak
  5813 | D:8      | Reached XP level 10. HP: 87/116 MP: 10/10
  6008 | D:7      | Found a burning altar of Makhleb.
  6342 | D:8      | Found a shattered altar of Ashenzari.
  6370 | D:7      | Killed a death yak
  6634 | D:8      | Reached **** piety under Trog
  6682 | D:8      | Reached skill level 1 in Maces & Flails
  6789 | D:8      | Killed a death yak
  6885 | D:8      | Killed a death yak
  6885 | D:8      | Reached skill level 5 in Maces & Flails
  6920 | D:8      | Reached skill level 5 in Dodging
  6963 | D:8      | Reached skill level 9 in Fighting
  6968 | D:8      | Found a staircase to the Lair.
  7023 | D:8      | Noticed Prince Ribbit
  7032 | D:8      | Killed Prince Ribbit
  7249 | D:8      | Noticed Pikel
  7268 | D:8      | Killed Pikel
  7268 | D:8      | Reached XP level 11. HP: 123/126 MP: 12/12
  7291 | D:8      | Found a runed gate.
  7294 | D:8      | Noticed GoLoT's ghost (novice MiMo)
  7296 | D:8      | Found a runed gate.
  7296 | D:8      | Found a runed gate.
  7296 | D:8      | Noticed a ten-headed hydra
  7310 | D:8      | HP: 9/189 [ten-headed hydra (1)]
  7311 | D:8      | HP: 2/189 [ten-headed hydra (8)]
  7311 | D:8      | Slain by a ten-headed hydra

Skill      XL: |  1  2  3  4  5  6  7  8  9 10 |
---------------+-------------------------------+-----
Unarmed Combat | 4 5 7 8 |  8.3
Fighting       | 3 4 6 8 9 |  9.0
Dodging        | 3 4 5 |  5.1
Throwing       | 1 3 5 |  5.4
Evocations     | 1 3 |  3.3
Maces & Flails | 5 |  5.7

Action                   |  1- 3 |  4- 6 |  7- 9 | 10-12 || total
-------------------------+-------+-------+-------+-------++-------
Melee: Unarmed           |   117 |    83 |   212 |   146 ||   558
       Punch             |     2 |     2 |     7 |     5 ||    16
       Headbutt          |       |       |    21 |    27 ||    48
       Whip              |       |       |       |     3 ||     3
Throw: Stone             |    19 |    69 |    30 |    30 ||   148
       Tomahawk          |       |       |       |    18 ||    18
Invok: Berserk           |       |     3 |     7 |     2 ||    12
       Trog's Hand       |       |     1 |       |       ||     1
  Use: Scroll            |     5 |       |     7 |       ||    12
       Potion            |       |     3 |     3 |       ||     6
 Stab: Sleeping          |     1 |     1 |       |     1 ||     3
  Eat: Chunk             |    21 |    12 |    30 |    16 ||    79
       Ration            |       |       |     1 |       ||     1
Armor: Animal skin       |    51 |    28 |    38 |       ||   117
       Robe              |       |       |    12 |    44 ||    56
Dodge: Dodged            |    62 |    42 |    95 |    73 ||   272
